 Dungeon Crawl Stone Soup version 0.32-a0-814-g0968bab981 (webtiles) character file.

Game seed: 11802907591183577859

98633 jasper the Brawler (level 15, -9/129 HPs)
             Began as a Demonspawn Shapeshifter on Mar 22, 2024.
             Was the Champion of Nemelex Xobeh.
             Mangled by Frances
             ... wielding a +4 halberd of freezing
              (20 damage)
             ... on level 14 of the Dungeon.
             The game lasted 00:44:32 (29815 turns).

jasper the Brawler (Demonspawn Shapeshifter)       Turns: 29815, Time: 00:44:32

Health: -9/129     AC: 15    Str: 22    XL:     15   Next: 75%
Magic:  27/27      EV: 12    Int: 10    God:    Nemelex Xobeh [******]
Gold:   257        SH:  8    Dex: 17    Spells: 14/14 levels left

rFire   + +          .
                       - Unarmed
rCold   + . .        N - +0 buckler
rNeg    + . .        q - +1 chain mail of Dead Qipura {rElec rN+ Stlth+}
rPois   +            H - +2 hat
rElec   +            Q - +1 cloak {rCorr}
rCorr   +            (gloves unavailable)
SInv    .            u - +1 pair of boots
Will    +....        o - amulet of Menkobaj {rPois rF++ Regen+}
Stlth   +++          p - ring of protection from cold
HPRegen 1.21/turn    P - +5 ring of evasion
MPRegen 0.20/turn

%: no passive effects
@: wreathed by umbra
A: claws 3, thin skeletal structure 2, condensation shield, foul shadow 3
a: Renounce Religion, Draw Escape, Draw Destruction, Draw Summoning, Triple
Draw, Deal Four, Stack Five


You were on level 14 of the Dungeon.
You worshipped Nemelex Xobeh.
Nemelex Xobeh was exalted by your worship.
You visited 3 branches of the dungeon, and saw 21 of its levels.
You also visited: Ice Cave.

You collected 2705 gold pieces.
You spent 2448 gold pieces at shops.

Inventory:

Missiles
 g - 131 stones (quivered)
 B - 9 javelins
 K - 3 throwing nets
 R - 4 curare-tipped darts
Armour
 j - the +3 hat of Pondering {ponderous, Will+ MP+10 Int+5}
   (You took it off Gastronok on level 12 of the Dungeon)

   Int+5:     It affects your intelligence (+5).
   Will+:     It increases your willpower.
   MP+10:     It affects your magic capacity (+10).
 q - the +1 chain mail of Dead Qipura (worn) {rElec rN+ Stlth+}
   (You found it on level 3 of the Dungeon)

   rElec:     It insulates you from electricity.
   rN+:       It protects you from negative energy.
   Stlth+:    It makes you more stealthy.
 u - a +1 pair of boots (worn)
 H - a +2 hat (worn)
 N - a +0 buckler (worn)
 Q - a +1 cloak of preservation (worn)
Jewellery
 e - a ring of protection from fire
 m - a ring of positive energy
 o - the amulet of Menkobaj (around neck) {rPois rF++ Regen+}
   (You bought it in a shop on level 2 of the Orcish Mines)

   [amulet of regeneration]

   rF++:      It greatly protects you from fire.
   rPois:     It protects you from poison.
   Regen+:    It increases your rate of health regeneration.
 p - a ring of protection from cold (left claw)
 P - a +5 ring of evasion (right claw)
 W - an amulet of reflection
Talismans
 c - a beast talisman
 d - a flux talisman
 D - a granite talisman
Wands
 s - a wand of polymorph (19)
 t - a wand of quicksilver (18)
 C - a wand of roots (11)
 L - a wand of paralysis (24)
 M - a wand of flame (20)
Scrolls
 a - 3 scrolls of revelation
 n - a scroll of amnesia
 r - 5 scrolls of noise
 v - 4 scrolls of fog
 z - 6 scrolls of teleportation
 G - 6 scrolls of vulnerability
 I - 4 scrolls of poison
 O - 2 scrolls of enchant weapon
 V - 4 scrolls of identify
 X - 2 scrolls of silence
Potions
 b - 2 potions of brilliance
 f - 3 potions of mutation
 h - 3 potions of magic
 i - 3 potions of cancellation
 l - 3 potions of ambrosia
 w - 3 potions of curing
 x - 5 potions of enlightenment
 A - 3 potions of resistance
 E - 2 potions of degeneration
 F - 4 potions of haste
 J - 3 potions of attraction
 T - 2 potions of heal wounds
 U - a potion of lignification
 Y - a potion of might
 Z - a potion of invisibility
Miscellaneous
 k - a lightning rod (4/4)
 y - a tin of tremorstones (2/2)


   Skills:
 - Level 15.4 Fighting
 - Level 1.7 Dodging
 + Level 0.0 Shields
 - Level 17.4 Unarmed Combat
 - Level 17.1 Invocations
 - Level 7.3 Shapeshifting


You had 14 spell levels left.
You didn't know any spells.
Your spell library contained the following spells:

 Spells                   Type           Power      Damage    Failure   Level
 Apportation              Tloc           0%         N/A       98%         1
 Freeze                   Ice            0%         1d3       98%         1
 Necrotise                Necr           0%         1d4       98%         1
 Sting                    Conj/Alch      0%         1d3       98%         1
 Summon Small Mammal      Summ           0%         N/A       98%         1
 Blink                    Tloc           0%         N/A       99%         2
 Lesser Beckoning         Tloc           0%         N/A       99%         2
 Momentum Strike          Conj/Tloc      0%         3d8       99%         2
 Scorch                   Fire           0%         2d5       99%         2
 Frozen Ramparts          Ice            0%         1d1       100%        3
 Gell's Gravitas          Tloc           0%         N/A       100%        3
 Hailstorm                Conj/Ice       0%         3d5       100%        3
 Teleport Other           Tloc           0%         N/A       100%        3
 Anguish                  Hex/Necr       0%         N/A       100%        4
 Cause Fear               Hex            0%         N/A       100%        4
 Flame Wave               Conj/Fire      0%         2d4       100%        4
 Fireball                 Conj/Fire      0%         3d3       100%        5
 Summon Cactus Giant      Summ           0%         N/A       100%        6
 Enfeeble                 Hex            0%         N/A       100%        7
 Dragon's Call            Summ           0%         N/A       100%        9


Dungeon Overview and Level Annotations

Branches:
Dungeon (14/15)            Temple (0/1) D:5            Lair (5/5) D:10
 Shoals (0/4) Lair:2       Spider (0/4) Lair:2        Slime (0/5) Lair:4
    Orc (2/2) D:11            Elf (0/3) Orc:2         IceCv (visited)
 Vaults: D:13-14

Altars:
Ashenzari
Cheibriados
Dithmenos
Fedhas
Nemelex Xobeh
Ru
Sif Muna
Trog
Uskayaw
Vehumet
Wu Jian
Xom
Yredelemnul
Beogh
Jiyva

Shops:
D:2 [   Orc:1 [   Orc:2 ?(=*==**

Annotations:
D:1 exclusion: goblin
D:8 1 runed translucent door, KSaturn's ghost, novice MDCA
D:14 Frances


Innate Abilities, Weirdness & Mutations

You have claws for hands.
You have a moderately thin skeletal structure. (Dex +4, Stealth++)
A meltable shield of frost defends you. (SH +4)
You are darkly shadowed, frequently releasing foul flame when damaged in melee.


Message History

There are monsters nearby!
Frances shouts!
You hear a horrible gurgling sound! x2
You start waiting.
Frances is nearby!
There is an open door here.
Frances mutters in a terrible tongue.
Frances seems to speed up.
Frances hits you from afar with a +4 halberd of freezing!!
Frances freezes you.
Frances whispers indecipherable words.
The iron shot hits you!
There is an open door, spattered with blood here.
You take 38 damage, and have 91/129 hp.
MASSIVE DAMAGE!!
Frances closely misses you.
You scratch Frances but do no damage.
Frances runs a finger over her scar.
Frances closely misses you.
Frances mutters in a terrible tongue.
The iron shot hits you!!!
* * * LOW HITPOINT WARNING * * *
The cyan ugly thing gurgles horribly!
You take 58 damage, and have 34/129 hp.
MASSIVE DAMAGE!!
You scratch Frances but do no damage.
Frances screams a word of power!
The shard of ice hits you!! You partially resist.
* * * LOW HITPOINT WARNING * * *
You take 26 damage, and have 8/129 hp.
MASSIVE DAMAGE!!
You barely miss Frances.
Frances runs a finger over her scar.
You block Frances's attack.
Okay, then.
As you read the scroll of fear, it crumbles to dust.
You assume a fearsome visage.
Frances easily resists.
Frances screams a word of power!
As you read the scroll of fear, it crumbles to dust.
You assume a fearsome visage.
Frances resists with almost no effort.
The chaos spawn looks frightened!
Frances hits you with a +4 halberd of freezing!!
You die...
Your body glows with a rainbow of weird colours and disappears.

############
###########..........#
........#.4......)...#
........#@#..........#
........@.#........<.#
........###..........#
.u......# #..........#
........# #..........#
#.####### #..........#
. #..........#
#########'## #.....#


You could see Frances (fast) and a chaos spawn (summoned, fleeing).

Vanquished Creatures
  Gastronok (D:12)
  A dire elephant (Lair:5)
  A minotaur (Orc:2)
  A fire dragon (Lair:5)
  6 hydras
  3 catoblepae
  2 centaur warriors
  17 death yaks
  3 boulder beetles
  A tengu warrior (D:14)
  A two-headed ogre (D:13)
  2 orc high priests (Orc:2)
  Nergalle (D:12)
  Sonja (Orc:2)
  A skyshark (Lair:2)
  Lodul (D:12)
  3 lindwurms (Lair:5)
  6 orc sorcerers
  An orc knight (Orc:1)
  6 ugly things
  7 cyclopes
  3 manticores
  Maurice (D:8)
  12 elephants (Lair:5)
  5 black mambas
  An ice statue (IceCv)
  6 kobold blastminers
  6 torpor snails
  Maggie (Lair:1)
  3 gargoyles
  15 cane toads
  2 kobold demonologists (D:12)
  3 komodo dragons
  A yaktaur (Lair:5)
  An unseen horror (D:10)
  2 unseen horror zombies (D:8)
  4 rime drakes
  An efreet (D:13)
  A tengu conjurer (D:13)
  10 trolls
  8 polar bears
  2 tyrant leeches (Lair:5)
  A merfolk (Lair:2)
  Grinder (D:5)
  6 hornets (Lair:5)
  2 dream sheep (Lair:5)
  17 blink frogs
  A raiju (Lair:5)
  4 slime creatures (D:13)
  5 wyverns
  A vampire (D:12)
  4 wraiths
  73 yaks
  A hog (Lair:5)
  A warg (Orc:1)
  11 vampire mosquitoes
  A steam dragon (D:8)
  5 basilisks
  4 redbacks (Lair:2)
  2 acid dragons (D:12)
  Duvessa (D:6)
  18 water moccasins
  A black bear (D:5)
  A hornet zombie (D:8)
  An ice beast (D:6)
  3 sky beasts
  19 orc warriors
  5 boggarts
  16 wolves
  15 ogres
  7 centaurs
  2 phantoms
  19 bullfrogs
  3 kobold brigands (D:12)
  2 weeping skulls (D:8)
  5 scorpions
  2 gnoll sergeants
  5 wights (D:8)
  Dowan (D:6)
  11 killer bees
  11 howler monkeys
  An electric eel (Lair:2)
  3 centaur zombies (D:8)
  8 jellies
  2 bombardier beetles
  A human zombie (D:8)
  14 orc priests
  5 hounds
  4 iguanas
  36 orc wizards
  2 mummies (D:8)
  A howler monkey zombie (D:8)
  11 gnolls
  4 adders
  2 river rats (Orc:2)
  A shadow imp (D:7)
  3 white imps (Lair:5)
  10 dart slugs
  2 ribbon worms
  58 orcs
  6 ball pythons
  5 bats
  12 endoplasms
  6 giant cockroaches
  6 hobgoblins
  5 jackals
  7 quokkas
  6 frilled lizards
  10 goblins
  6 kobolds
  5 rats
684 creatures vanquished.

Vanquished Creatures (collateral kills)
  A frost giant (IceCv)
  The ghost of scarr the Spear-Bearer, a journeyman DsIE of Hepliaklqana (Orc:2)
  A minotaur (Orc:2)
  A hydra (Lair:5)
  An obsidian bat (Orc:2)
  A kobold blastminer (Orc:2)
  2 orc warriors (Orc:2)
  3 wolves (IceCv)
  6 orc priests (Orc:2)
  2 orc wizards (Orc:2)
  9 white imps (Lair:5)
28 creatures vanquished.

Grand Total: 712 creatures vanquished

Notes
Turn   | Place    | Note
-------+----------+-------------------------------------------
     0 | D:1      | jasper the Demonspawn Shapeshifter began the quest for the
                  | Orb.
     0 | D:1      | Reached XP level 1. HP: 15/15 MP: 1/1
   190 | D:2      | Gained mutation: You have a somewhat thin skeletal
                  | structure. (Dex +2, Stealth+) [demonic ancestry]
   190 | D:2      | Reached XP level 2. HP: 13/22 MP: 2/2
   537 | D:2      | Reached XP level 3. HP: 29/29 MP: 3/3
   733 | D:2      | Found Itairisch's Antique Armour Shop.
  1386 | D:3      | Identified the +1 chain mail of Dead Qipura {rElec rN+
                  | Stlth+}
  1510 | D:3      | Gained mutation: You have sharp fingernails. [demonic
                  | ancestry]
  1510 | D:3      | Reached XP level 4. HP: 33/37 MP: 4/4
  2061 | D:2      | Bought a pair of boots for 117 gold pieces
  2700 | D:4      | Gained mutation: A meltable shield of frost defends you.
                  | (SH +4) [demonic ancestry]
  2700 | D:4      | Reached XP level 5. HP: 26/43 MP: 5/5
  2835 | D:4      | Found a sparkling altar of Nemelex Xobeh.
  2912 | D:4      | Gained mutation: You have very sharp fingernails. [demonic
                  | ancestry]
  2912 | D:4      | Reached XP level 6. HP: 33/50 MP: 6/6
  2913 | D:4      | an iguana changed into a sky beast
  2913 | D:4      | Noticed a sky beast
  2932 | D:4      | Killed a sky beast
  2933 | D:4      | Reached skill level 5 in Fighting
  3271 | D:4      | Reached skill level 5 in Unarmed Combat
  3524 | D:4      | Reached XP level 7. HP: 56/56 MP: 7/7
  3755 | D:4      | Became a worshipper of Nemelex Xobeh the Trickster
  3766 | D:5      | Entered Level 5 of the Dungeon
  4693 | D:6      | Noticed Duvessa
  4716 | D:6      | Noticed Dowan
  4718 | D:6      | Killed Duvessa
  4719 | D:6      | Gained mutation: You have a moderately thin skeletal
                  | structure. (Dex +4, Stealth++) [demonic ancestry]
  4719 | D:6      | Reached XP level 8. HP: 43/64 MP: 8/8
  4748 | D:6      | Killed Dowan
  4907 | D:6      | Noticed a cyclops
  4918 | D:6      | Killed a cyclops
  5072 | D:6      | Reached * piety under Nemelex Xobeh
  5454 | D:6      | Reached XP level 9. HP: 72/72 MP: 9/9
  5591 | D:6      | Found a radiant altar of Vehumet.
  5909 | D:7      | Found a blossoming altar of Fedhas.
  6070 | D:7      | Reached skill level 1 in Invocations
  6392 | D:7      | Found a bloodstained altar of Trog.
  6392 | D:7      | Found a broken altar of Ashenzari.
  6394 | D:7      | Found a shimmering altar of Xom.
  6409 | D:7      | Received a gift from Nemelex Xobeh
  6837 | D:8      | Found a basalt altar of Yredelemnul.
  7004 | D:8      | Reached skill level 10 in Unarmed Combat
  7267 | D:8      | Noticed a centaur warrior
  7453 | D:9      | Noticed a gargoyle
  7505 | D:9      | Killed a gargoyle
  7682 | D:9      | Reached ** piety under Nemelex Xobeh
  7694 | D:9      | Found a sacrificial altar of Ru.
  7893 | D:9      | Reached skill level 5 in Invocations
  7893 | D:9      | Reached XP level 10. HP: 68/82 MP: 13/13
  8797 | D:9      | Received a gift from Nemelex Xobeh
  8908 | D:10     | Entered Level 10 of the Dungeon
  9068 | D:10     | Found a shimmering blue altar of Sif Muna.
  9374 | D:10     | Found an ornate altar of the Wu Jian Council.
  9419 | D:10     | Found a staircase to the Lair.
  9655 | D:10     | Noticed a cyan ugly thing
  9665 | D:10     | Killed a cyan ugly thing
  9894 | D:10     | Noticed a boulder beetle
  9977 | D:10     | Killed a boulder beetle
  9978 | D:10     | Gained mutation: You are faintly shadowed, very rarely
                  | releasing foul flame when damaged in melee. [demonic
                  | ancestry]
  9978 | D:10     | Reached XP level 11. HP: 52/90 MP: 16/16
 10079 | D:10     | Reached skill level 10 in Fighting
 10411 | D:11     | Received a gift from Nemelex Xobeh
 10463 | D:11     | Found a snail-covered altar of Cheibriados.
 10531 | D:11     | Reached *** piety under Nemelex Xobeh
 11187 | D:11     | Received a gift from Nemelex Xobeh
 11542 | D:11     | Noticed a boulder beetle
 11571 | D:11     | Killed a boulder beetle
 11834 | D:11     | Found a staircase to the Orcish Mines.
 11966 | D:11     | Noticed a brown ugly thing
 11980 | D:11     | Killed a brown ugly thing
 12398 | D:5      | Noticed Grinder
 12402 | D:5      | Killed Grinder
 12512 | D:5      | Paralysed by an orc warrior for 3 turns
 12730 | D:5      | Found a staircase to the Ecumenical Temple.
 13160 | D:8      | Reached skill level 10 in Invocations
 13203 | D:8      | Killed a centaur warrior
 13871 | D:8      | Reached **** piety under Nemelex Xobeh
 13881 | D:8      | Noticed KSaturn's ghost (novice MDCA)
 13907 | D:8      | Received a gift from Nemelex Xobeh
 14058 | D:8      | Found a runed translucent door.
 14098 | D:8      | Reached XP level 12. HP: 90/100 MP: 19/19
 14220 | D:8      | Noticed Maurice
 14230 | D:8      | Killed Maurice
 14364 | D:8      | Found a shadowy altar of Dithmenos.
 14568 | Lair:1   | Entered Level 1 of the Lair of Beasts
 14957 | Lair:1   | Noticed Maggie
 14967 | Lair:1   | Killed Maggie
 15936 | Lair:2   | Received a gift from Nemelex Xobeh
 15937 | Lair:2   | Found a hole to the Spider Nest.
 16612 | Lair:2   | Reached ***** piety under Nemelex Xobeh
 16624 | Lair:2   | Received a gift from Nemelex Xobeh
 17218 | Lair:2   | Noticed a seven-headed hydra
 17223 | Lair:2   | Killed a seven-headed hydra
 17822 | Lair:2   | Found a staircase to the Shoals.
 18192 | Lair:3   | Received a gift from Nemelex Xobeh
 18327 | Lair:3   | Gained mutation: You have claws for hands. [demonic
                  | ancestry]
 18327 | Lair:3   | Reached XP level 13. HP: 93/108 MP: 22/22
 18499 | Lair:3   | Reached skill level 15 in Unarmed Combat
 18990 | Lair:3   | Received a gift from Nemelex Xobeh
 19332 | Lair:4   | Found a viscous altar of Jiyva.
 19332 | Lair:4   | Found a staircase to the Slime Pits.
 19591 | Lair:4   | Received a gift from Nemelex Xobeh
 19762 | Lair:4   | Received a gift from Nemelex Xobeh
 20155 | Lair:5   | Entered Level 5 of the Lair of Beasts
 20219 | Lair:5   | Found a frozen archway.
 20319 | IceCv    | Entered an ice cave
 20926 | IceCv    | Noticed a frost giant
 20930 | IceCv    | Identified the +0 quarterstaff "Narag" {freeze, rC+ Str-3
                  | Dex+3}
 20935 | IceCv    | Gained mutation: You are shadowed, sometimes releasing foul
                  | flame when damaged in melee. [demonic ancestry]
 20935 | IceCv    | Reached XP level 14. HP: 56/118 MP: 24/24
 20945 | IceCv    | Killed a frost giant
 21339 | IceCv    | Received a gift from Nemelex Xobeh
 22061 | Lair:5   | Reached ****** piety under Nemelex Xobeh
 22093 | Lair:5   | Reached skill level 15 in Invocations
 22140 | Lair:5   | Paralysed by a hornet for 1 turns
 22364 | Lair:5   | Received a gift from Nemelex Xobeh
 23541 | Lair:5   | Received a gift from Nemelex Xobeh
 24766 | Lair:5   | Reached skill level 15 in Fighting
 24766 | Lair:5   | Gained mutation: You are darkly shadowed, frequently
                  | releasing foul flame when damaged in melee. [demonic
                  | ancestry]
 24766 | Lair:5   | Reached XP level 15. HP: 51/129 MP: 27/27
 25182 | Orc:1    | Entered Level 1 of the Orcish Mines
 25277 | Orc:1    | Found Ceecoom's Antique Armour Emporium.
 25278 | Orc:1    | Found a roughly hewn altar of Beogh.
 25488 | Orc:1    | Received a gift from Nemelex Xobeh
 25677 | Orc:2    | Entered Level 2 of the Orcish Mines
 25677 | Orc:2    | Noticed Sonja
 25680 | Orc:2    | Killed Sonja
 25737 | Orc:2    | Found Bugisaucw's Assorted Antiques.
 26012 | Orc:2    | Bought a scroll of fog for 76 gold pieces
 26012 | Orc:2    | Bought a scroll of silence for 180 gold pieces
 26029 | Orc:2    | Found a runed translucent gate.
 26030 | Orc:2    | Noticed scarr's ghost (journeyman DsIE)
 26039 | Orc:2    | Found a runed translucent gate.
 26040 | Orc:2    | Found a runed translucent gate.
 26088 | Orc:2    | Received a gift from Nemelex Xobeh
 26439 | Orc:2    | Paralysed by an orc sorcerer for 5 turns
 26554 | Orc:2    | Found Dyres's Jewellery Boutique.
 26554 | Orc:2    | Found Ehaes's Jewellery Shop.
 26561 | Orc:2    | Found Gegadwy's Antique Weapon Shop.
 26564 | Orc:2    | Found Ifaor's General Store.
 26589 | Orc:2    | Bought an amulet of regeneration for 390 gold pieces
 26589 | Orc:2    | Bought a ring of poison resistance for 260 gold pieces
 26854 | Orc:2    | Found a staircase to the Elven Halls.
 26871 | Orc:2    | Found Rair's General Store.
 27003 | Orc:2    | Found Tam Vaid's Jewellery Emporium.
 27011 | Orc:2    | Bought a granite talisman for 660 gold pieces
 27115 | Orc:2    | Found Atzab's Magic Scroll Shop.
 27121 | Orc:2    | Bought a scroll of blinking for 120 gold pieces
 27428 | Orc:2    | Killed scarr's ghost
 27801 | D:12     | Noticed Gastronok
 27816 | D:12     | Killed Gastronok
 27995 | D:12     | Noticed Lodul
 28028 | D:12     | Killed Lodul
 28029 | D:12     | Reached skill level 5 in Shapeshifting
 28040 | D:12     | Received a gift from Nemelex Xobeh
 28130 | Orc:2    | Bought the amulet of Menkobaj {rPois rF++ Regen+} for 645
                  | gold pieces
 28272 | D:12     | Noticed Nergalle
 28275 | D:12     | Killed Nergalle
 29085 | D:13     | Found a hide-covered altar of Uskayaw.
 29672 | D:13     | Received a gift from Nemelex Xobeh
 29798 | D:14     | Noticed Frances
 29815 | D:14     | Mangled by Frances

Illustrated notes

Levels and vault maps discovered:
D:1:      lightli_arrival_statue_moat, layout_loops_ring, kennysheep_crisscross
D:2:      layout_loops_ring, serial_shops, shop, cheibrodos_gnoll_hut
D:3:      layout_loops_cross
D:4:      layout_basic, overflow_temple_1_default, minmay_distorted
D:5:      layout_rooms, temple_statues, minmay_crossroads, uniq_grinder
D:6:      layout_basic, mainiacjoe_overflow_alcove_4, uniq_duvessa
D:7:      layout_basic, fedhas_altar_3, gammafunk_temple_overflow_forgotten
D:8:      layout_layer_cave, lemuel_mausoleum_altar_yredelemnul,
          grunt_dithmenos_shadows, hellmonk_ghost_big_iron, uniq_maurice
D:9:      layout_basic, kennysheep_mini_moat, minmay_strange_pillars
D:10:     nzn_winding_woodlands_three_and_one
          [nzn_winding_woodlands_5x15_default,
          nzn_winding_woodlands_5x15_sidewinder,
          nzn_winding_woodlands_5x15_pool,
          nzn_winding_woodlands_center_pierced_h], layout_basic,
          nzn_wu_jian_contemplation, mainiacjoe_overflow_cross_hatched
D:11:     layout_cave_pods, orc_0_dummy, kennysheep_slug_shrine
D:12:     layout_roguey, uniq_nergalle, uniq_gastronok, uniq_lodul
D:13:     layout_basic, minivault_16, dancing_weapons_uskayaw
D:14:     layout_roguey, erik_vaults_2, nicolae_tso_swordbearing_angel,
          uniq_frances
Lair:1:   layout_loops_ring, uniq_maggie
Lair:2:   layout_cave_pods, elwin_shoals_entry_rooms, spider_nest_entry_webs,
          minmay_hedge_maze, grunt_megastairs_5
Lair:3:   layout_hall_layers, st_stairs_4
Lair:4:   wander_river, layout_regular_city, nicolae_slime_entry_slimehenge,
          st_stairs_8
Lair:5:   wormcave, layout_cave_shapes, hangedman_lair_in_review,
          portal_ice_cave_entry_imps, infiniplex_staircase_pool
Orc:1:    layout_diamond_mine, basic_altar, serial_shops,
          nicolae_shop_hallway_stairs
Orc:2:    st_orc_mages, layout_diamond_mine, maelrawn_ghost_gauntlet_escape,
          serial_shops, nicolae_shop_hallway_stairs, nicolae_diamond_shop, shop,
          nicolae_shop_competitors_out_of_business, uniq_sonja

Skill      XL: |  1  2  3  4  5  6  7  8  9 10 11 12 13 14 15 |
---------------+----------------------------------------------+-----
Fighting       | 2 3 4 5 6 7 8 9 11 12 13 15 | 15.4
Unarmed Combat | 3 4 5 6 8 10 11 13 14 16 17 | 17.4
Invocations    | 5 7 10 12 14 16 17 | 17.1
Shapeshifting  | 7 |  7.3
Dodging        | |  1.7

Action                     |  1- 3 |  4- 6 |  7- 9 | 10-12 | 13-15 || total
---------------------------+-------+-------+-------+-------+-------++-------
  Melee: Unarmed           |   100 |   172 |   264 |   671 |  1033 ||  2240
         Punch             |     2 |     2 |    18 |    64 |   117 ||   203
   Fire: Sling             |    36 |     2 |       |       |       ||    38
  Throw: Stone             |       |     2 |     4 |    13 |     1 ||    20
 Invoke: Draw Destruction  |       |       |       |    16 |    25 ||    41
         Draw Summoning    |       |       |       |     2 |     8 ||    10
         Draw Escape       |       |       |       |     2 |     4 ||     6
         Deal Four         |       |       |       |       |     2 ||     2
Ability: Begin Untransform |       |       |     1 |       |       ||     1
  Evoke: Wand              |       |     1 |     1 |     1 |     1 ||     4
    Use: Scroll            |     3 |       |    15 |     6 |     7 ||    31
         Potion            |     1 |     2 |       |     2 |     3 ||     8
   Stab: Sleeping          |     2 |       |     5 |    12 |     8 ||    27
         Distracted        |       |       |       |     2 |     4 ||     6
 Armour: Animal skin       |    70 |       |       |       |       ||    70
         Skin              |    10 |       |       |       |       ||    10
         Chain mail        |     7 |   117 |   229 |   524 |   682 ||  1559
         Leather armour    |     1 |       |       |       |       ||     1
  Dodge: Dodged            |    74 |    47 |    89 |   265 |   612 ||  1087
  Block: Other             |       |    12 |    48 |   103 |   251 ||   414
         Reflection        |       |       |       |       |     5 ||     5
         Buckler           |       |       |       |       |     1 ||     1

Table legend: (Time is in decaauts)
 A = Elapsed time spent in this place.
 B = Non-inter-level travel time spent in this place.
 C = Inter-level travel time spent in this place.
 D = Time resting spent in this place.
 E = Time spent auto-exploring this place.
 F = Levels seen in this place.
 G = Mean time per level.
                   A        B        C        D        E       F      G
               +--------+--------+--------+--------+--------+-----+--------+
         Total |  29365 |  27921 |   1444 |   1801 |  20928 |  22 | 1334.8 |
       Dungeon |  16431 |  15526 |    905 |   1281 |  11594 |  14 | 1173.6 |
          Lair |   9225 |   8928 |    297 |    160 |   7156 |   5 | 1845.0 |
  Orcish Mines |   2591 |   2350 |    241 |    241 |   1440 |   2 | 1295.5 |
      Ice Cave |   1117 |   1117 |      0 |    118 |    738 |   1 | 1117.0 |
               +--------+--------+--------+--------+--------+-----+--------+

Top non-repeatable levels by time:
  Lair:5: 3682 daAuts
  Lair:2: 2416 daAuts
     D:8: 2202 daAuts
   Orc:2: 1849 daAuts
    D:11: 1738 daAuts
     D:4: 1677 daAuts
     D:9: 1567 daAuts
    D:10: 1520 daAuts
     D:6: 1352 daAuts
  Lair:1: 1152 daAuts
   IceCv: 1117 daAuts
  Lair:3: 1115 daAuts
     D:2: 1069 daAuts
     D:5: 1018 daAuts
    D:13: 952 daAuts
